 Dungeon Crawl Stone Soup version 0.17-a0-1634-g6672d08 (webtiles) character file.

3498 Murumi the Fighter (level 10, -8/80 HPs)
             Began as a Formicid Fighter on Aug 3, 2015.
             Was an Initiate of the Shining One.
             Mangled by an orc knight
             ... wielding a +0 great sword
              (22 damage)
             ... on level 7 of the Dungeon.
             The game lasted 00:46:28 (8105 turns).

Murumi the Fighter (Formicid Fighter)               Turns: 8105, Time: 00:46:28

Health: -8/80      AC: 15    Str: 24    XL:     10   Next: 28%
Magic:  14/14      EV:  8    Int:  8    God:    the Shining One [......]
Gold:   367        SH: 12    Dex: 10    Spells: 0 memorised, 9 levels left

rFire  . . .     SeeInvis +     a - +1 long sword
rCold  . . .     Clarity  .     y - +0 plate armour
rNeg   . . .     SustAt   .     c - +1 shield
rPois  .         Gourm    .     (helmet unavailable)
rElec  .         Spirit   .     f - +0 cloak
rCorr  .         Warding  .     k - +0 pair of gloves
rMut   .         Stasis   +     (no boots)
MR     +....                    h - amulet of regeneration
Stlth  ..........               (no ring)
                                (no ring)

@: somewhat resistant to hostile enchantments, extremely unstealthy
A: permanent stasis, dig shafts and tunnels, four strong arms, antennae 3
a: Dig, Shaft Self, Renounce Religion


You were on level 7 of the Dungeon.
You worshipped the Shining One.
The Shining One was noncommittal.
You were hungry.

You visited 2 branches of the dungeon, and saw 9 of its levels.
You also visited: Ossuary.

You collected 425 gold pieces.
You spent 58 gold pieces at shops.

Inventory:

Hand weapons
 a - a +1 long sword (weapon)
Missiles
 t - 20 bolts
Armour
 c - a +1 shield (worn)
 f - a +0 cloak (worn)
 k - a +0 pair of gloves (worn)
 y - a +0 plate armour (worn)
Jewellery
 h - an amulet of regeneration (around neck)
Scrolls
 p - 2 scrolls of enchant armour
 r - 3 scrolls of remove curse
 v - 3 scrolls of identify
Potions
 j - 6 potions of curing
 l - a potion of cancellation
 o - a potion of flight
 u - a potion of brilliance
Comestibles
 e - 7 bread rations
 i - 5 fruits
 m - 2 beef jerkies
 n - 2 meat rations


   Skills:
 - Level 8.2 Fighting
 - Level 5.1 Long Blades
 - Level 7.1 Armour
 - Level 6.1 Dodging
 - Level 7.0 Shields
 + Level 5.7 Invocations


You had 9 spell levels left.
You didn't know any spells.

Dungeon Overview and Level Annotations

Branches:
Dungeon (8/15)             Temple (1/1) D:7
   Lair: D:8-11

Altars:
Ashenzari
Cheibriados
Dithmenos
Elyvilon
Fedhas
Gozag
Kikubaaqudgha
Makhleb
Nemelex Xobeh
Okawaru
Qazlal
Sif Muna
Trog
Vehumet
Yredelemnul
The Shining One

Shops:
D:4 [


Innate Abilities, Weirdness & Mutations

You are under a permanent stasis effect.
You can dig through walls and to a lower floor.
Your four strong arms can wield two-handed weapons with a shield.
You have a pair of large antennae on your head (SInv).


Message History

* * * LOW HITPOINT WARNING * * *
You barely miss the orc knight.
The orc knight is lightly wounded.
You closely miss the orc knight.
The orc knight is lightly wounded.
The orc knight hits you with a great sword!!
The Shining One protects you from harm!
You closely miss the orc knight.
The orc knight is lightly wounded.
You block the orc knight's attack.
You hit the orc knight.
The orc knight is lightly wounded.
You block the orc knight's attack.
You slash the orc knight!
The orc knight is moderately wounded.
The orc knight barely misses you.
You hit the orc knight but do no damage.
The orc knight is moderately wounded.
The orc knight hits you with a great sword!!
You die...

# # # # # # # # ################
# ........##.....# #
#.#####.##.###.# #
#.#####.##<###.### ### ######
.............#.#@####.######...#.
..#####.##.....##o##.#.....).....
..# #.##.....#.####.####.#...#.
..#####.##...#.#[..o)(..#{###.###
#.......##..##)#.####.#.##.##..##
#########.P..........o...o.)...).
## #≈≈≈≈≈≈≈≈≈≈≈≈≈≈≈≈≈≈≈....≈ .##
#≈≈≈≈≈≈≈≈≈≈≈≈≈≈≈≈≈≈≈....≈ ..##
#≈≈#####≈≈≈≈≈≈≈≈≈≈≈≈...=≈


You could see an orc knight.

Vanquished Creatures
  Eustachio (D:6)
  7 wargs (D:7)
  Edmund (D:5)
  A hungry ghost (D:5)
  5 orc warriors
  2 sky beasts (D:5)
  A phantom (D:6)
  3 centaurs
  3 ogres
  The ghost of UristMcMason the Firebug, an average GrFE (D:3)
  Blork the orc (D:5)
  A big kobold (D:7)
  A giant frog (D:7)
  A crimson imp (D:6)
  A hound (D:5)
  A human zombie (Ossuary)
  Crazy Yiuf (D:6)
  A giant frog skeleton (D:5)
  An orc priest (D:7)
  A centaur skeleton (D:6)
  4 orc wizards
  4 worker ants
  An iguana (D:4)
  A hound skeleton (D:4)
  3 mummies (Ossuary)
  Robin (D:2)
  9 adders
  3 gnolls (D:7)
  3 shadow imps
  An ooze (D:2)
  6 adder zombies
  3 worms
  3 giant geckos
  35 orcs
  3 ball pythons
  5 giant cockroaches
  2 gnoll zombies (Ossuary)
  12 goblins
  10 hobgoblins
  22 jackals
  4 quokkas
  9 bats
  A giant cockroach zombie (D:5)
  A giant gecko skeleton (D:5)
  7 giant newts
  3 goblin zombies (Ossuary)
  A hobgoblin zombie (Ossuary)
  14 kobolds
  5 kobold zombies (Ossuary)
  A quokka skeleton (D:4)
  A quokka zombie (Ossuary)
  5 rats
  A rat zombie (Ossuary)
219 creatures vanquished.

Notes
Turn   | Place    | Note
--------------------------------------------------------------
     0 | D:1      | Murumi the Formicid Fighter began the quest for the Orb.
     0 | D:1      | Reached XP level 1. HP: 18/18 MP: 1/1
   145 | D:1      | Reached skill level 4 in Shields
   221 | D:1      | Reached XP level 2. HP: 24/24 MP: 2/2
   251 | D:1      | Reached skill level 1 in Dodging
   734 | D:1      | Reached XP level 3. HP: 29/29 MP: 3/3
   962 | D:2      | Found a sparkling altar of Nemelex Xobeh.
  1271 | D:2      | Reached XP level 4. HP: 28/37 MP: 4/4
  1333 | D:2      | Found a basalt altar of Yredelemnul.
  1648 | D:2      | Noticed Robin
  1656 | D:2      | Killed Robin
  1735 | D:2      | Reached XP level 5. HP: 42/42 MP: 5/5
  2177 | D:3      | Noticed a water elemental
  2179 | D:3      | Found a stormy altar of Qazlal.
  2180 | D:3      | Noticed an air elemental
  2180 | D:3      | Noticed a fire elemental
  2345 | D:3      | Noticed UristMcMason's ghost (average GrFE)
  2369 | D:3      | Killed UristMcMason's ghost
  2369 | D:3      | Reached skill level 5 in Shields
  2369 | D:3      | Reached XP level 6. HP: 37/48 MP: 6/6
  2711 | D:4      | Reached skill level 6 in Shields
  2831 | D:4      | Found an iron altar of Okawaru.
  2963 | D:4      | Found Vyral's Armour Shoppe.
  2971 | D:4      | Bought a +0 chain mail for 58 gold pieces
  3438 | D:4      | Reached XP level 7. HP: 15/54 MP: 7/7
  3808 | D:5      | Entered Level 5 of the Dungeon
  3832 | D:5      | Found a sand-covered staircase.
  3837 | Ossuary  | Entered an ossuary
  4122 | D:5      | You fall through a shaft for 3 floors!
  4201 | D:7      | Found an ancient bone altar of Kikubaaqudgha.
  4295 | D:6      | Found a stormy altar of Qazlal.
  4351 | D:5      | Found a shattered altar of Ashenzari.
  4554 | D:5      | Noticed Edmund
  4618 | D:5      | Reached skill level 5 in Dodging
  4618 | D:5      | Reached XP level 8. HP: 60/60 MP: 8/8
  4692 | D:5      | Killed Edmund
  4692 | D:5      | Reached skill level 5 in Armour
  4733 | D:5      | Noticed Blork the orc
  4744 | D:5      | Killed Blork the orc
  5079 | D:5      | Noticed a hungry ghost
  5106 | D:5      | Killed a hungry ghost
  5128 | D:5      | Reached skill level 5 in Long Blades
  5397 | D:6      | Reached skill level 5 in Fighting
  5458 | D:6      | Found an opulent altar of Gozag.
  5503 | D:6      | Noticed Eustachio
  5599 | D:6      | Reached XP level 9. HP: 61/68 MP: 9/9
  5752 | D:6      | Noticed Crazy Yiuf
  5756 | D:6      | Killed Crazy Yiuf
  5756 | D:6      | Reached skill level 7 in Armour
  5937 | D:6      | Found a stormy altar of Qazlal.
  6081 | D:6      | Killed Eustachio
  6114 | D:6      | Found an opulent altar of Gozag.
  6447 | D:7      | Found a staircase to the Ecumenical Temple.
  6456 | Temple   | Entered the Ecumenical Temple
  6485 | Temple   | Became a worshipper of the Shining One
  6743 | D:7      | Found a bloodstained altar of Trog.
  6931 | D:7      | Noticed a warg
  6932 | D:7      | Noticed a warg
  6950 | D:7      | Killed a warg
  6966 | D:7      | Killed a warg
  7053 | D:7      | Noticed a warg
  7054 | D:7      | Noticed a warg
  7078 | D:7      | Killed a warg
  7097 | D:7      | Killed a warg
  7368 | D:7      | Reached XP level 10. HP: 78/80 MP: 10/10
  7422 | D:7      | Noticed a warg
  7423 | D:7      | Noticed a warg
  7464 | D:7      | Killed a warg
  7464 | D:7      | Reached skill level 8 in Fighting
  7470 | D:7      | Killed a warg
  7733 | D:7      | Noticed a warg
  7738 | D:7      | Killed a warg
  7801 | D:7      | Noticed an orc knight
  7801 | D:7      | Noticed an orc knight
  7803 | D:7      | Noticed an orc knight
  7995 | D:5      | Reached skill level 5 in Invocations
  8101 | D:7      | The Shining One protects you from harm!
  8105 | D:7      | Mangled by an orc knight

Vault maps used:
D:1:      sevenhm_arrival_forest_fort_large_2
D:2:      nemelex_deck, lemuel_doored_altar, dk_noncrumbling_3, uniq_robin
D:3:      nicolae_qazlal_style_of_elements
D:4:      serial_shops, nicolae_shop_trees, first_bread, okawaru_gym_becter
D:5:      nicolae_ashenzari_panopticon, nicolae_ossuary_entry_false_entrances,
          kennysheep_nondescript, uniq_edmund, uniq_blork_the_orc
D:6:      lemuel_crystal_altar, overflow_temple_1_default, uniq_eustachio,
          uniq_crazy_yiuf_cottage
D:7:      lemuel_castle_with_subvaults, kiku_gazebo_garden_becter, bloody_trog,
          minmay_temple_entry_poolview
D:8:      hangedman_cross_cluster, uniq_grum
Temple:   minmay_temple_bridge_a_8
Ossuary:  ossuary_minmay_chase

Action                   |  1- 3 |  4- 6 |  7- 9 | 10-12 || total
-------------------------+-------+-------+-------+-------++-------
Melee: Long sword        |   122 |   304 |   629 |   166 ||  1221
 Abil: Dig               |       |       |     7 |     3 ||    10
  Use: Scroll            |     6 |     6 |     7 |     2 ||    21
       Potion            |       |       |     4 |     3 ||     7
  Eat: Chunk             |     1 |     9 |    18 |     2 ||    30
       Pizza             |       |       |     1 |     1 ||     2
